 Dungeon Crawl Stone Soup version 0.30.0-10-gfe55d96785 (webtiles) character file.

Game seed: 9498391137743023591

2187 Charmandara the Grasshopper (level 9, 0/51 HPs)
             Began as a Gargoyle Cinder Acolyte on May 14, 2023.
             Was a High Priest of Ignis.
             Slain by a wight
             ... wielding a +3 morningstar
              (13 damage)
             ... on level 7 of the Dungeon.
             The game lasted 00:21:18 (5840 turns).

Charmandara the Grasshopper (GrCA)                  Turns: 5840, Time: 00:21:19

Health: 0/51       AC: 11    Str: 16    XL:     9   Next: 33%
Magic:  2/15       EV: 11    Int: 24    God:    Ignis [*****.]
Gold:   409        SH:  0    Dex:  8    Spells: 4/16 levels left

rFire   + . .        a - +0 mace (spect)
rCold   . . .        (no shield)
rNeg    + . .        b - +0 robe
rPois   ∞            v - +1 hat
rElec   +            o - +1 cloak "Itaax" {Str-2 Int+5 Dex+3}
rCorr   .            (no gloves)
SInv    +            (no boots)
Will    .....        (no amulet)
Stlth   +            r - ring of see invisible
HPRegen 0.28/turn    (no ring)
MPRegen 0.14/turn

%: no passive effects
@: no status effects
A: sickness immunity, AC +6, negative energy resistance 1, electricity
resistance, torment resistance 1, petrification resistance
a: Renounce Religion, Fiery Armour, Foxfire Swarm, Rising Flame


You were on level 7 of the Dungeon.
You worshipped Ignis.
Ignis was extremely pleased with you.
You visited 2 branches of the dungeon, and saw 8 of its levels.

You collected 409 gold pieces.

Inventory:

Hand Weapons
 a - a +0 spectral mace (weapon)
 n - a +3 short sword of draining
 x - a +2 halberd of protection
Armour
 b - a +0 robe (worn)
 k - a +1 ring mail
 o - the +1 cloak "Itaax" (worn) {Str-2 Int+5 Dex+3}
   (You acquired it on level 7 of the Dungeon)

   Str:       It affects your strength (-2).
   Int:       It affects your intelligence (+5).
   Dex:       It affects your dexterity (+3).
 v - a +1 hat (worn)
 y - a +1 ring mail of cold resistance
Jewellery
 r - a ring of see invisible (left hand)
Wands
 c - a wand of polymorph (6)
 h - a wand of charming (1)
Scrolls
 f - 3 scrolls of torment
 i - 2 scrolls of poison
 j - a scroll of amnesia
 p - 3 scrolls of teleportation
 u - 2 scrolls of noise
 z - 2 scrolls of enchant weapon
 C - a scroll of silence
Potions
 d - 3 potions of resistance
 e - a potion of brilliance
 g - 4 potions of curing
 l - 2 potions of attraction
 m - a potion of might {unknown}
 q - a potion of heal wounds
 s - 2 potions of mutation
 t - a potion of degeneration {unknown}
 w - a potion of lignification {unknown}
 A - a potion of magic {unknown}
 B - a potion of ambrosia {unknown}


   Skills:
 - Level 3.2 Fighting
 - Level 3.0(3.4) Maces & Flails
 - Level 2.4(3.1) Staves
 - Level 4.0 Spellcasting
 - Level 4.0 Conjurations
 + Level 6.4 Translocations
 - Level 6.0 Fire Magic
 - Level 3.0 Air Magic
 - Level 3.0 Poison Magic


You had 4 spell levels left.
You knew the following spells:

 Your Spells              Type           Power      Damage    Failure   Level
a - Scorch                Fire           66%        2d7       1%          2
b - Volatile Blastmotes   Fire/Tloc      68%        2d15      2%          3
c - Iskenderun's Mystic   Conj/Tloc      29%        2d7       12%         4
x - Mephitic Cloud        Conj/Pois/Air  20%        N/A       8%          3

Your spell library contained the following spells:

 Spells                   Type           Power      Damage    Failure   Level
 Poisonous Vapours        Pois/Air       38%        N/A       4%          2
 Fulminant Prism          Conj/Hex       7%         3d7       38%         4
 Freezing Cloud           Conj/Ice/Air   7%         6-21      71%         5
 Lee's Rapid Deconstruct  Erth           2%         3d4*      95%         5


Dungeon Overview and Level Annotations

Branches:
Dungeon (7/15)             Temple (1/1) D:6

Altars:
Cheibriados
Elyvilon
Fedhas
Gozag
Makhleb
Nemelex Xobeh
Okawaru
Qazlal
Ru
Trog
Uskayaw
Wu Jian
Xom
Zin
The Shining One

Annotations:
Temple 4 transporters


Innate Abilities, Weirdness & Mutations

You are immune to sickness and miasma.
Your stone body is resilient. (AC +6)
You are immune to poison.
You resist negative energy. (rN+)
You are resistant to electric shocks. (rElec)
You are resistant to unholy torment.
You are immune to petrification.


Message History

Casting: Volatile Blastmotes (dangerous; 2% risk of failure)
Confirm with . or Enter, or press ? or * to list all spells.
A cloud of volatile blastmotes flares up around you!
The wight is no longer more vulnerable to fire.
The cloud of blastmotes explodes!
The concussive blast engulfs the wight.
The wight is moderately damaged.
The concussive blast engulfs the wight!
The wight resists.
The wight is severely damaged.
Unknown command.
Unknown command.
Okay, then.
Casting: Volatile Blastmotes (dangerous; 2% risk of failure)
Confirm with . or Enter, or press ? or * to list all spells.
Flames lash the wight.
The wight is severely damaged.
The wight's fire resistance burns away.
A nearby plant withers and dies.
The wight hits you with a +4 great sword of freezing!
The wight freezes you.
Unknown command.
Casting: Scorch (safe; 1% risk of failure)
Confirm with . or Enter, or press ? or * to list all spells.
Flames lash the wight.
The wight resists.
The wight is almost destroyed.
The wight's fire resistance burns away.
The wight barely misses you.
Unknown command.
Unknown command.
The wight barely misses you.
The wight hits you with a +4 great sword of freezing!
* * * LOW HITPOINT WARNING * * *
The wight freezes you.
* * * LOW HITPOINT WARNING * * *
The wight attacks as you move away! The wight misses you.
The wight is no longer more vulnerable to fire. x2
The wight hits you but does no damage.
Things that are here:
a +2 battleaxe; a +0 robe The wight attacks as you move away!
The wight closely misses you. The wight attacks as you move away!
The wight hits you with a +3 morningstar!
You die...

#### ...##
###### ....##
#..<.# ...P~#
#..z.##.~~~~♣
#..z@...~~~~#
#..z.##...P~#
#....# ...###
#....# .....
♣~.♣♣......##
♣♣~~ ##......
.~P♣ ....###
♣♣~♣♣ ♣..##
♣~♣


You could see 3 wights.

Vanquished Creatures
  Grinder (D:2)
  Menkaure (D:5)
  2 water moccasins
  Duvessa (D:4)
  An ice beast (D:7)
  4 black bears
  An ogre (D:5)
  A centaur (D:7)
  A phantom (D:4)
  Blork the orc (D:4)
  2 scorpions
  A wight (D:7)
  Dowan (D:4)
  A jelly (D:5)
  4 hounds
  A gnoll bouda (D:4)
  Ijyb (D:4)
  Natasha (thrice) (D:3 D:2)
  3 iguanas
  2 orc wizards
  9 gnolls
  5 adders
  3 worms
  2 dart slugs
  9 orcs
  5 ball pythons
  8 endoplasms
  2 giant cockroaches
  5 goblins
  7 hobgoblins
  8 jackals
  13 kobolds
  4 quokkas
  3 bats
  4 frilled lizards
  4 rats
124 creatures vanquished.

Vanquished Creatures (others)
  A swamp drake (D:6)
1 creature vanquished.

Grand Total: 125 creatures vanquished

Notes
Turn   | Place    | Note
-------+----------+-------------------------------------------
     0 | D:1      | Charmandara the Gargoyle Cinder Acolyte began the quest for
                  | the Orb.
     0 | D:1      | Reached XP level 1. HP: 14/14 MP: 2/2
   103 | D:1      | Reached skill level 1 in Staves
   109 | D:1      | Reached XP level 2. HP: 13/19 MP: 3/3
   333 | D:1      | Learned a level 2 spell: Scorch
   457 | D:1      | Reached XP level 3. HP: 23/23 MP: 1/4
   874 | D:2      | Found a sacrificial altar of Ru.
  1662 | D:3      | Reached XP level 4. HP: 28/28 MP: 1/6
  1898 | D:3      | Learned a level 3 spell: Volatile Blastmotes
  1982 | D:3      | Noticed Natasha
  1987 | D:3      | Killed Natasha
  2058 | D:3      | Noticed Grinder
  2072 | D:3      | Noticed Natasha
  2138 | D:3      | Paralysed by Grinder for 3 turns
  2148 | D:2      | Killed Natasha
  2149 | D:2      | Reached XP level 5. HP: 14/32 MP: 6/8
  2168 | D:2      | Noticed Natasha
  2178 | D:2      | Killed Natasha
  2279 | D:2      | Killed Grinder
  2280 | D:2      | Reached skill level 5 in Fire Magic
  2280 | D:2      | Reached XP level 6. HP: 33/37 MP: 4/11
  2340 | D:2      | Learned a level 3 spell: Mephitic Cloud
  2525 | D:4      | Noticed Ijyb
  2560 | D:4      | Killed Ijyb
  2706 | D:4      | Reached XP level 7. HP: 41/41 MP: 1/13
  2712 | D:4      | Learned a level 4 spell: Iskenderun's Mystic Blast
  2833 | D:4      | Noticed Duvessa
  2833 | D:4      | Noticed Dowan
  2849 | D:4      | Killed Duvessa
  2850 | D:4      | Reached skill level 1 in Translocations
  2856 | D:4      | Killed Dowan
  3313 | D:4      | Noticed Blork the orc
  3321 | D:4      | Killed Blork the orc
  3839 | D:5      | Entered Level 5 of the Dungeon
  3875 | D:5      | Reached XP level 8. HP: 32/46 MP: 2/14
  4037 | D:5      | Reached skill level 1 in Conjurations
  4084 | D:5      | Found a snail-covered altar of Cheibriados.
  4137 | D:5      | Noticed Menkaure
  4140 | D:5      | Killed Menkaure
  4394 | D:5      | Reached skill level 1 in Air Magic
  4394 | D:5      | Reached skill level 1 in Poison Magic
  5031 | D:6      | Found a staircase to the Ecumenical Temple.
  5039 | Temple   | Entered the Ecumenical Temple
  5039 | Temple   | Found a transporter.
  5039 | Temple   | Found a transporter.
  5041 | Temple   | Found a transporter.
  5041 | Temple   | Found a transporter.
  5210 | D:6      | Reached XP level 9. HP: 14/51 MP: 1/15
  5382 | D:6      | Reached skill level 5 in Translocations
  5742 | D:7      | Identified a scroll of acquirement
  5742 | D:7      | Acquired the +1 cloak "Itaax" {Str-2 Int+5 Dex+3}
  5840 | D:7      | Slain by a wight

Illustrated notes

Levels and vault maps discovered:
D:1:      amcnicky_arrival_double_pillar, layout_basic
D:2:      layout_loops_cross, basic_altar
D:3:      layout_basic, uniq_natasha, uniq_grinder
D:4:      dreamdust_elfheim, layout_gridville, minmay_misc_feat_rows,
          kennysheep_generic_room_12, uniq_ijyb, uniq_blork_the_orc
D:5:      layout_basic, amcnicky_altar_gilded, uniq_menkaure, uniq_duvessa
D:6:      layout_rooms, minmay_temple_entry_grid
D:7:      layout_gridville, lemuel_coloured_pillars_altar, minitemple,
          serial_bayou, serial_bayou_crossing, serial_bayou_pond_e,
          serial_bayou_pond_d, serial_bayou_pond_a, serial_bayou_ford_a,
          serial_bayou_lagoon_a, enter_bailey_7
Temple:   hellmonk_temple_divided_pantheon

Skill      XL: |  1  2  3  4  5  6  7  8  9 |
---------------+----------------------------+-----
Staves         | 1 2 |  2.4
Spellcasting   | 2 3 4 |  4.0
Fire Magic     | 4 5 6 |  6.0
Translocations | 4 6 |  6.4
Conjurations   | 4 |  4.0
Air Magic      | 3 |  3.0
Poison Magic   | 3 |  3.0
Fighting       | |  3.2
Maces & Flails | |  3.0

Action                     |  1- 3 |  4- 6 |  7- 9 || total
---------------------------+-------+-------+-------++-------
  Melee: Mace              |    63 |    46 |    99 ||   208
         Unarmed           |       |    15 |       ||    15
         Punch             |       |       |     1 ||     1
   Cast: Scorch            |    20 |    27 |    64 ||   111
         Volatile Blastmot |       |       |    27 ||    27
         Iskenderun's Myst |       |       |     2 ||     2
 Invoke: Fiery Armour      |     1 |       |     1 ||     2
  Evoke: Wand              |       |       |     8 ||     8
    Use: Scroll            |       |    10 |     7 ||    17
         Potion            |       |     4 |     1 ||     5
 Armour: Robe              |    38 |    19 |    71 ||   128
         Skin              |       |     3 |       ||     3
  Dodge: Dodged            |    36 |    45 |   116 ||   197
